 Dungeon Crawl Stone Soup version 0.29.1-13-g9f3cf754e1 (webtiles) character file.

Game seed: 4433241862179495828

128 growler the Trooper (level 4, -2/38 HPs)
             Began as a Demonspawn Wanderer on Feb 7, 2023.
             Slain by a hobgoblin (4 damage)
             ... led by Robin
             ... on level 2 of the Dungeon.
             The game lasted 00:02:05 (2104 turns).

growler the Trooper (Demonspawn Wanderer)           Turns: 2104, Time: 00:02:06

Health: -2/38      AC:  6    Str: 11    XL:     4   Next: 87%
Magic:  7/7        EV:  8    Int: 11    God:
Gold:   124        SH:  0    Dex: 18    Spells: 7/7 levels left

rFire   . . .      SeeInvis .   a - +2 quarterstaff
rCold   . . .      Faith    .   (shield currently unavailable)
rNeg    . . .      Spirit   .   c - +0 scale mail
rPois   .          Reflect  .   (helmet restricted)
rElec   .          Harm     .   (no cloak)
rCorr   .          Rampage  .   (no gloves)
Will    .....                   (no boots)
Stlth   ..........              (no amulet)
HPRegen 0.12/turn               (no ring)
MPRegen 0.10/turn               (no ring)

@: no status effects
A: antennae 2, ignite blood 1
a: no special abilities


You were on level 2 of the Dungeon.
You visited 1 branch of the dungeon, and saw 2 of its levels.

You collected 124 gold pieces.

Inventory:

Hand Weapons
 a - a +2 quarterstaff (weapon)
 b - a +0 falchion
Armour
 c - a +0 scale mail (worn)
Scrolls
 g - 2 scrolls of teleportation {unknown}
 h - 2 scrolls of enchant weapon {unknown}
 k - a scroll of identify {unknown}
 l - a scroll of magic mapping {unknown}
 n - a scroll of poison {unknown}
 o - a scroll of torment {unknown}
 p - a scroll of silence {unknown}
 q - a scroll of blinking {unknown}
Potions
 d - a potion of brilliance
 e - 4 potions of curing {unknown}
 f - 2 potions of might {unknown}
 i - 2 potions of degeneration {unknown}
 j - 2 potions of flight {unknown}
 m - a potion of berserk rage {unknown}
 r - a potion of mutation {unknown}


   Skills:
 + Level 4.6 Fighting
 - Level 1.0 Long Blades
 - Level 3.6 Staves
 - Level 1.7 Armour
 - Level 2.0 Spellcasting
 - Level 1.2 Invocations


You had 7 spell levels left.
You didn't know any spells.
Your spell library contained the following spells:

 Spells                   Type           Power      Damage    Failure   Level
 Gell's Gravitas          Tloc           1%         N/A       99%         3
 Teleport Other           Tloc           1%         N/A       99%         3
 Dispersal                Tloc           0%         N/A       100%        6


Dungeon Overview and Level Annotations

Branches:
Dungeon (2/15)

Altars:


Innate Abilities, Weirdness & Mutations

You have a pair of antennae on your head.
Your demonic aura sometimes causes spilled blood to erupt in flames.


Message History

Robin is heavily wounded.
Robin hits you but does no damage.
A hobgoblin comes into view.
The hobgoblin hits you.
The hobgoblin shouts!
You hit Robin.
Robin is severely wounded.
Robin hits you with a +0 dagger. The hobgoblin hits you.
You are too injured to fight recklessly!
You are too injured to fight recklessly!
You are too injured to fight recklessly!
Unknown command.
You barely miss Robin.
Robin is severely wounded.
The hobgoblin no longer looks unusually strong. x2
Robin hits you with a +0 dagger. The hobgoblin barely misses you.
Robin roars a battlecry!
The hobgoblins go into a battle-frenzy!
The hobgoblin hits you but does no damage.
You hit Robin but do no damage.
Robin is severely wounded.
Robin barely misses you. The hobgoblin closely misses you.
You hit Robin.
Robin is almost dead.
Robin says, "Bow before me, strongest of all the hobgoblins!"
Robin barely misses you. The hobgoblin hits you.
* * * LOW HITPOINT WARNING * * *
Unknown command.
You hit Robin.
You kill Robin!
The hobgoblin barely misses you.
You completely miss the hobgoblin.
The goblin no longer looks unusually strong.
The hobgoblin no longer looks unusually strong.
The hobgoblin hits you.
* * * LOW HITPOINT WARNING * * *
The hobgoblin hits you.
* * * LOW HITPOINT WARNING * * *
The hobgoblin attacks as you move away! The hobgoblin hits you.
You die...

#######.# #.#
........# #.#
........# #.#
........### #.#
##........# #.# ###
....)...#.# #.# ..
[.........###.# .#
....<.......#.###)#.##
............#.#.@g...#
...#.##.#####.#.#g####
...#.##.......#.#g#
............###.#g#
#..#.######.# #.#g#
..........#.# #.#g.
##.######.#.# #.###
..........#.###.# {
....####..#.#...# {


You could see 4 hobgoblins and 2 goblins.

Vanquished Creatures
  Jessica (D:2)
  Terence (D:2)
  Robin (D:2)
  An adder (D:2)
  2 worms (D:2)
  A dart slug (D:1)
  A ball python (D:1)
  7 endoplasms
  2 giant cockroaches (D:1)
  4 goblins (D:2)
  6 hobgoblins
  4 quokkas
  8 bats
  2 frilled lizards
  4 kobolds (D:1)
  A rat (D:2)
46 creatures vanquished.

Notes
Turn   | Place    | Note
-------+----------+-------------------------------------------
     0 | D:1      | growler the Demonspawn Wanderer began the quest for the
                  | Orb.
     0 | D:1      | growler set off with the following items: a +2
                  | quarterstaff, a +0 falchion, a +0 scale mail, a potion of
                  | brilliance.
     0 | D:1      | Reached XP level 1. HP: 13/13 MP: 3/3
    77 | D:1      | Reached skill level 1 in Fighting
   168 | D:1      | Gained mutation: You have a pair of small antennae on your
                  | head. [demonic ancestry]
   168 | D:1      | Reached XP level 2. HP: 12/22 MP: 5/5
   338 | D:1      | Reached skill level 2 in Fighting
   878 | D:1      | Gained mutation: You have a pair of antennae on your head.
                  | [demonic ancestry]
   878 | D:1      | Reached XP level 3. HP: 27/28 MP: 6/6
  1088 | D:2      | Noticed Jessica
  1095 | D:2      | Killed Jessica
  1096 | D:2      | Reached skill level 3 in Fighting
  1347 | D:2      | Gained mutation: Your demonic aura sometimes causes spilled
                  | blood to erupt in flames. [demonic ancestry]
  1347 | D:2      | Reached XP level 4. HP: 29/37 MP: 7/7
  1518 | D:2      | Noticed Terence
  1524 | D:2      | Killed Terence
  1525 | D:2      | Reached skill level 4 in Fighting
  2086 | D:2      | Noticed Robin
  2102 | D:2      | Killed Robin
  2104 | D:2      | Slain by a hobgoblin

Illustrated notes

Levels and vault maps discovered:
D:1:      dpeg_arrival_arbitrary_b, layout_basic, minmay_misc_feat_diagonals
D:2:      layout_basic, uniq_terence, uniq_robin, uniq_jessica

Skill      XL: |  1  2  3  4 |
---------------+-------------+-----
Fighting       | 1 2 3 4 |  4.6
Long Blades    | |  1.0
Staves         | |  3.6
Armour         | |  1.7
Spellcasting   | |  2.0
Invocations    | |  1.2

Action                   |  1- 3 |  4- 6 || total
-------------------------+-------+-------++-------
Melee: Quarterstaff      |    80 |    52 ||   132
Armor: Scale mail        |    52 |    29 ||    81
Dodge: Dodged            |    41 |    27 ||    68
